 Dungeon Crawl Stone Soup version 0.22.1-2-g9c5b331383 (webtiles) character file.

65 Gunterle the Sneak (level 4, -5/30 HPs)
             Began as an Octopode Assassin on Jan 6, 2019.
             Slain by an iguana (9 damage)
             ... on level 3 of the Dungeon.
             The game lasted 00:05:04 (1327 turns).

Gunterle the Sneak (Octopode Assassin)              Turns: 1327, Time: 00:05:05

Health: -5/30      AC:  1    Str: 10    XL:     4   Next: 14%
Magic:  4/4        EV: 13    Int: 14    God:
Gold:   98         SH:  0    Dex: 13    Spells: 3/3 levels left

rFire    . . .     SeeInvis .   a - +2 dagger
rCold    . . .     Gourm    .   (no shield)
rNeg     . . .     Faith    .   (helmet restricted)
rPois    .         Spirit   .   (no amulet)
rElec    .         Reflect  .   s - ring of stealth
rCorr    .         Harm     .   (no ring)
MR       .....                  (no ring)
Stlth    +++++.....             (no ring)
HPRegen  0.10/turn              (no ring)
MPRegen  0.09/turn              (no ring)
                                (no ring)
                                (no ring)

@: very slightly contaminated
A: almost no armour, stealthy swim, amphibious, 8 rings, constrict 8, camouflage
1, gelatinous body 1
a: no special abilities


You were on level 3 of the Dungeon.
You were very hungry.

You visited 1 branch of the dungeon, and saw 3 of its levels.

You collected 98 gold pieces.

Inventory:

Hand Weapons
 a - a +2 dagger (weapon)
 b - a +0 blowgun
 t - a +0 quarterstaff
 u - a +0 hunting sling
Missiles
 c - 8 poisoned needles
 d - 2 curare-tipped needles
 k - 23 bolts
 n - 80 arrows
 p - 19 stones (quivered)
Jewellery
 h - an uncursed amulet of faith
 s - a ring of stealth (left tentacle)
 v - a +2 ring of protection {unknown}
Scrolls
 e - 4 scrolls of remove curse
 w - a scroll of teleportation
Potions
 g - 2 potions of degeneration {unknown}
 i - a potion of curing {unknown}
 m - a potion of berserk rage {unknown}
 r - a potion of heal wounds {unknown}
 x - 2 potions of haste {unknown}
Comestibles
 f - 4 rations
 j - 2 chunks of flesh


   Skills:
 + Level 2.5 Fighting
 * Level 3.1 Short Blades
 - Level 2.0 Throwing
 + Level 1.9 Dodging
 + Level 5.8 Stealth


You had 3 spell levels left.
You didn't know any spells.
Your spell library was empty.

Dungeon Overview and Level Annotations

Branches:
Dungeon (3/15)

Altars:


Innate Abilities, Weirdness & Mutations

You cannot wear most types of armour.
You are very stealthy in the water. (Stealth+)
You are amphibious.
You can wear up to eight rings at the same time.
You can use your tentacles to constrict eight enemies at once.
Your skin changes colour to match your surroundings (Stealth+).
Your rubbery body absorbs attacks. (AC +1, EV +1)


Message History

You constrict the iguana, but do no damage.
You hit the iguana but do no damage.
The iguana is heavily wounded.
You constrict the iguana, but do no damage.
The iguana bites you.
A frilled lizard comes into view.
You are too injured to fight recklessly!
You are too injured to fight recklessly!
Unknown command.
The frilled lizard hisses angrily.
You hit the iguana.
The iguana is heavily wounded.
You constrict the iguana, but do no damage.
The iguana bites you!
* * * LOW HITPOINT WARNING * * *
You hit the iguana but do no damage. You squeeze the iguana.
The iguana is severely wounded.
You constrict the iguana, but do no damage.
The iguana bites you!
You die...

....
#............#
..[.
#............#
....
#..#.........# #
#............#
#.##.#.###)#####.#
#.##.#.#.........#
....#.#.#.#######
#....#.#.# #
#@###.#.# # #l#
#.#.# ... ..#.#
##.....#..
.≈≈...#.. ≈.#..##
≈l#..# #≈≈#...


You could see an iguana and a frilled lizard.

Vanquished Creatures
  A hound skeleton (D:2)
  3 adders
  A dart slug (D:1)
  3 bats
  A giant cockroach (D:1)
  A goblin (D:2)
  6 hobgoblins
  2 frilled lizards (D:3)
  5 kobolds
  5 rats
  A plant (D:2)
29 creatures vanquished.

Notes
Turn   | Place    | Note
-------+----------+-------------------------------------------
     0 | D:1      | Gunterle the Octopode Assassin began the quest for the Orb.
     0 | D:1      | Reached XP level 1. HP: 14/14 MP: 1/1
   148 | D:1      | Reached XP level 2. HP: 16/19 MP: 2/2
   629 | D:2      | Reached XP level 3. HP: 24/24 MP: 3/3
  1294 | D:3      | Reached XP level 4. HP: 30/30 MP: 4/4
  1327 | D:3      | Slain by an iguana

Skill      XL: |  1  2  3 |
---------------+----------+-----
Short Blades   | 3 |  3.1
Fighting       | |  2.5
Throwing       | |  2.0
Dodging        | |  1.9
Stealth        | |  5.8

Action                   |  1- 3 |  4- 6 || total
-------------------------+-------+-------++-------
Melee: Dagger            |    64 |    10 ||    74
       Constrict         |     9 |     2 ||    11
       Tentacles         |    15 |     4 ||    19
  Use: Scroll            |     6 |     1 ||     7
 Stab: Sleeping          |    17 |       ||    17
Armor: Skin              |     2 |       ||     2
Dodge: Dodged            |    13 |     1 ||    14
